 Dungeon Crawl Stone Soup version 0.29.1-15-g9cfb28693d (webtiles) character file.

Game seed: 12385893157254512717

41631 Peloso the Fencer (level 13, -12/122 HPs)
             Began as a Minotaur Fighter on Mar 10, 2023.
             Was a High Priest of Okawaru.
             Mangled by a reaper
             ... wielding a +4 scythe of venom
              (27 damage)
             ... in a Gauntlet.
             The game lasted 00:45:09 (24622 turns).

Peloso the Fencer (Minotaur Fighter)               Turns: 24622, Time: 00:45:10

Health: -12/122    AC: 26    Str: 24    XL:     13   Next: 81%
Magic:  12/13      EV: 13    Int:  5    God:    Okawaru [*****.]
Gold:   1090       SH: 14    Dex: 18    Spells: 12/12 levels left

rFire   . . .      SeeInvis .   a - +1 scimitar of Boudamn {flame, rC+}
rCold   + . .      Faith    .   d - +0 buckler
rNeg    . . .      Spirit   .   I - +0 plate armour
rPois   .          Reflect  +   (helmet restricted)
rElec   .          Harm     .   F - +2 cloak
rCorr   .          Rampage  .   (no gloves)
Will    +....      NoTele   +   p - +2 pair of boots of the Swamp {+Inv}
Stlth   ..........              u - amulet of reflection
HPRegen 0.30/turn               q - ring of willpower
MPRegen 0.13/turn               t - +6 ring of dexterity

@: heroic, hasted, very quick
A: horns 2, retaliatory headbutt
a: Renounce Religion, Evoke Invisibility, Heroism, Finesse, Duel


You were in a Gauntlet.
You worshipped Okawaru.
Okawaru was extremely pleased with you.
You visited 4 branches of the dungeon, and saw 20 of its levels.
You also visited: Gauntlet.

You collected 1178 gold pieces.
You spent 88 gold pieces at shops.

Inventory:

Hand Weapons
 a - the +1 scimitar of Boudamn (weapon) {flame, rC+}
   (Okawaru gifted it to you on level 2 of the Lair of Beasts)

   It burns those it strikes, dealing additional fire damage.
   Big, fiery blades are also staple armaments of hydra-hunters.
   rC:        It protects you from cold.
 b - a +0 demon blade of pain
 c - the +3 spear "Arcanum" {holy, Str+6}
   (You found it on level 5 of the Dungeon)

   It has been blessed by the Shining One to cause great damage to the undead
   and demons.
   Str:       It affects your strength (+6).
Armour
 d - a +0 buckler (worn)
 p - the +2 pair of boots of the Swamp (worn) {+Inv}
   (You found it in a Gauntlet)

   +Inv:      It lets you turn invisible.
 F - a +2 cloak (worn)
 I - a +0 plate armour (worn)
Jewellery
 i - an amulet of guardian spirit
 j - a ring of protection from fire
 q - a ring of willpower (left hand)
 t - a +6 ring of dexterity (right hand)
 u - an amulet of reflection (around neck)
 G - an amulet of the acrobat
 J - a ring of willpower
 K - the ring "Iqosasm" {rF+ MP+9}
   (You found it on level 9 of the Dungeon)

   [ring of magical power]

   rF:        It protects you from fire.
   MP:        It affects your magic capacity (+9).
 M - a +6 ring of intelligence
 R - an amulet of regeneration
 S - an amulet of faith
Wands
 w - a wand of flame (72)
 B - a wand of charming (12)
 E - a wand of digging (8)
 N - a wand of mindburst (11)
Scrolls
 g - 3 scrolls of teleportation
 h - a scroll of fear
 k - 3 scrolls of enchant weapon
 l - 4 scrolls of noise
 s - 4 scrolls of immolation
 x - 4 scrolls of amnesia
 y - a scroll of fog
 A - 3 scrolls of poison
 C - 2 scrolls of magic mapping
 D - 3 scrolls of brand weapon
 H - 2 scrolls of enchant armour
 L - a scroll of blinking
 O - 3 scrolls of identify
Potions
 e - a potion of haste
 f - 5 potions of mutation
 m - 3 potions of invisibility
 n - 2 potions of might
 o - 2 potions of brilliance {unknown}
 r - 3 potions of attraction {unknown}
 v - 2 potions of berserk rage {unknown}
 z - 2 potions of curing
 P - 2 potions of flight {unknown}
 Q - 2 potions of ambrosia {unknown}


   Skills:
 + Level 13.2(18.2) Fighting
 + Level 15.5(20.5) Long Blades
 + Level 0.9(5.9) Throwing
 + Level 14.9(19.9) Armour
 + Level 4.4(9.4) Dodging
 + Level 2.3(7.3) Stealth
 + Level 13.8(18.8) Shields
 + Level 2.5 Invocations
 + Level 0.1 Evocations


You had 12 spell levels left.
You didn't know any spells.
Your spell library contained the following spells:

 Spells                   Type           Power      Damage    Failure   Level
 Beastly Appendage        Tmut           0%         N/A       97%         1
 Poisonous Vapours        Pois/Air       0%         N/A       99%         2
 Wereblood                Tmut           0%         N/A       99%         2
 Portal Projectile        Hex/Tloc       0%         N/A       100%        3
 Spider Form              Tmut/Pois      0%         N/A       100%        3
 Corpse Rot               Necr/Pois/Air  0%         N/A       100%        4
 Leda's Liquefaction      Hex/Erth       0%         N/A       100%        4
 Orb of Destruction       Conj           0%         9d5       100%        7
 Summon Small Mammal      Summ           Unusable   N/A       N/A         1
 Call Canine Familiar     Summ           Unusable   N/A       N/A         3
 Summon Guardian Golem    Hex/Summ       Unusable   N/A       N/A         3
 Spellforged Servitor     Conj/Summ      Unusable   N/A       N/A         7

Dungeon Overview and Level Annotations

Branches:
Dungeon (13/15)            Temple (1/1) D:7            Lair (4/5) D:8
  Swamp (0/4) Lair:3       Spider (0/4) Lair:3          Orc (2/2) D:12
    Elf (0/3) Orc:2       Gauntlet (1/1)
  Slime: Lair:4-5    Vaults: D:13-14

Altars:
Cheibriados
Fedhas
Hepliaklqana
Kikubaaqudgha
Makhleb
Nemelex Xobeh
Okawaru
Qazlal
Ru
Trog
Uskayaw
Vehumet
Wu Jian
Yredelemnul
Zin

Shops:
D:1 !   D:3 [

Annotations:
Gauntlet 9 transporters, exclusions: lightning spire and obsidian statue


Innate Abilities, Weirdness & Mutations

You have a pair of horns on your head.
You reflexively headbutt those who attack you in melee.


Message History

You block the hellwing's attack.
You closely miss the reaper.
The reaper is lightly wounded.
You feel sick.
You hit the reaper. You burn the reaper. Your headbutt misses the reaper.
The reaper is moderately wounded.
You feel sick.
The reaper hits you with a +4 scythe of venom.
You are more poisoned.
The hellwing hits you! You block the hellwing's attack.
You hit the reaper. You burn the reaper.
The reaper is moderately wounded.
You feel sick.
You slice the reaper!! You burn the reaper.
The reaper is severely wounded.
You feel very sick.
The reaper hits you with a +4 scythe of venom!!
* * * LOW HITPOINT WARNING * * *
You are lethally poisoned!
You block the hellwing's attack.
The hellwing hits you but does no damage.
You completely miss the reaper.
The reaper is severely wounded.
* * * LOW HITPOINT WARNING * * *
You feel very sick.
Unknown command.
You barely miss the reaper.
You headbutt the reaper, but do no damage.
The reaper is severely wounded.
* * * LOW HITPOINT WARNING * * *
You feel very sick.
The reaper shouts, "Die, Peloso!"
The reaper hits you with a +4 scythe of venom!
* * * LOW HITPOINT WARNING * * *
You are more poisoned.
The hellwing hits you but does no damage.
The hellwing barely misses you.
You feel better.
The reaper hits you with a +4 scythe of venom!!
You die...

##...............8.....8...
#§...###########...........
##...#..[|©/...#...########
#≈...#.^##.##^.#...#8$[©[..
##...#.##^..##.#...#.#####P
#≈...#.#.....#.#...#^..#..^
##.8.#....©....#.8.####©###
#≈...#^#..4..#.#...#^..#..^
##...#.##^@^##.#...#.#####.
#§...#.^##2##^.#...#.......
##...#....4....#...########
#≈...###########.....#.©.#.
##......#.©.#........#...#.
##.8...#.8.#...8....#.©.#.
#§.....#.©.#.....#########
##...#########...##5=!©=..
#≈...#©#.#...#...#.#.....#


You could see a reaper and 2 hellwings.

Vanquished Creatures
  A blizzard demon (Gauntlet)
  Josephine (D:12)
  3 hydras
  2 boulder beetles
  5 two-headed ogres
  A centaur warrior (D:10)
  An orc high priest (D:12)
  Nergalle (D:10)
  Amaemon (D:9)
  An orc sorcerer (Orc:1)
  An orc knight (D:12)
  An ugly thing (D:11)
  A manticore (D:12)
  3 elephants (Lair:2)
  8 black mambas
  3 cane toads
  An orange demon (D:9)
  A rime drake (Lair:1)
  4 komodo dragons
  6 kobold demonologists
  An ice devil (Gauntlet)
  5 trolls
  2 polar bears
  10 blink frogs
  5 slime creatures (D:11)
  4 culicivoras (Lair:3)
  6 wyverns
  A vampire (D:11)
  7 wraiths
  3 basilisks
  39 yaks
  A steam dragon (D:10)
  3 vampire mosquitoes (D:10)
  3 swamp worms (Lair:3)
  2 wargs
  13 water moccasins
  5 black bears
  15 orc warriors
  6 ice beasts
  A sky beast (D:7)
  2 ogres (Orc:1)
  6 wolves (Lair:4)
  6 centaurs
  6 kobold brigands
  9 bullfrogs
  A necrophage (D:5)
  6 scorpions
  6 wights
  5 killer bees (D:5)
  An electric eel (Lair:3)
  11 howler monkeys
  6 hounds
  2 quasits (D:8)
  Crazy Yiuf (D:7)
  A gnoll bouda (D:5)
  14 orc priests
  Terence (D:2)
  5 iguanas
  13 orc wizards
  Natasha (D:2)
  5 hell rats (Lair:1)
  6 adders
  6 shadow imps
  4 white imps
  5 ufetubi
  4 worms
  4 dart slugs
  62 orcs
  10 ball pythons
  6 bats
  5 endoplasms
  2 giant cockroaches
  8 goblins
  10 hobgoblins
  3 jackals (D:1)
  5 quokkas
  5 frilled lizards
  24 kobolds
  12 rats
467 creatures vanquished.

Vanquished Creatures (others)
  An orc wizard (D:5)
  An orc (Orc:2)
  6 demonic plants (D:8)
  54 fungi
  58 plants
120 creatures vanquished.

Grand Total: 587 creatures vanquished

Notes
Turn   | Place    | Note
-------+----------+-------------------------------------------
     0 | D:1      | Peloso the Minotaur Fighter began the quest for the Orb.
     0 | D:1      | Reached XP level 1. HP: 19/19 MP: 0/0
   136 | D:1      | Found Janyq's Distillery.
   170 | D:1      | Reached XP level 2. HP: 27/27 MP: 1/1
   694 | D:1      | Reached XP level 3. HP: 33/33 MP: 2/2
  1033 | D:2      | Noticed Terence
  1045 | D:2      | Killed Terence
  1046 | D:2      | Reached skill level 3 in Long Blades
  1046 | D:2      | Reached XP level 4. HP: 40/40 MP: 3/3
  1230 | D:2      | Reached skill level 1 in Dodging
  1439 | D:2      | Noticed Natasha
  1448 | D:2      | Killed Natasha
  1507 | D:2      | Reached XP level 5. HP: 47/47 MP: 4/4
  1961 | D:3      | You fall into a shaft and drop 1 floor!
  1983 | D:4      | Found a burning altar of Makhleb.
  2004 | D:4      | Reached skill level 4 in Long Blades
  2384 | D:4      | Noticed a black bear
  2401 | D:4      | Killed a black bear
  2402 | D:4      | Reached skill level 5 in Armour
  2402 | D:4      | Reached XP level 6. HP: 52/55 MP: 5/5
  2767 | D:4      | Reached skill level 5 in Long Blades
  2950 | D:4      | Reached skill level 5 in Fighting
  3192 | D:4      | Identified the +8 ring mail "Misedghem" {*Corrode rElec rF+
                  | Str+4}
  3624 | D:4      | Reached XP level 7. HP: 41/61 MP: 3/6
  3854 | D:5      | Entered Level 5 of the Dungeon
  3971 | D:5      | Reached skill level 6 in Long Blades
  4230 | D:5      | Identified the +3 spear "Arcanum" {holy, Str+6}
  4570 | D:5      | Reached XP level 8. HP: 59/70 MP: 4/7
  4691 | D:5      | Reached skill level 5 in Shields
  4877 | D:5      | Reached skill level 7 in Long Blades
  5869 | D:1      | Bought a potion of mutation for 88 gold pieces
  6006 | D:5      | Reached skill level 1 in Stealth
  6012 | D:5      | Reached skill level 8 in Long Blades
  6539 | D:6      | Reached XP level 9. HP: 72/78 MP: 8/8
  7080 | D:7      | Reached skill level 9 in Long Blades
  7524 | D:7      | Found a staircase to the Ecumenical Temple.
  7546 | Temple   | Entered the Ecumenical Temple
  7582 | Temple   | Became a worshipper of Warmaster Okawaru
  7619 | D:7      | Found a glowing silver altar of Zin.
  7633 | D:7      | Found a stormy altar of Qazlal.
  7825 | D:7      | Found a snail-covered altar of Cheibriados.
  7981 | D:7      | Found a runed translucent door.
  7982 | D:7      | Noticed Crazy Yiuf
  8218 | D:7      | Killed Crazy Yiuf
  8604 | D:3      | Found Ushreb's Armour Shop.
  8670 | D:3      | Reached skill level 10 in Long Blades
  8741 | D:3      | Found a blossoming altar of Fedhas.
  8745 | D:3      | Found a radiant altar of Vehumet.
  9002 | D:8      | Found a staircase to the Lair.
  9015 | D:8      | Noticed a komodo dragon
  9244 | D:8      | Reached * piety under Okawaru
  9337 | D:8      | Reached XP level 10. HP: 57/88 MP: 9/9
  9581 | D:8      | Found a bloodstained altar of Trog.
  9913 | D:8      | Reached skill level 11 in Long Blades
  9916 | D:8      | Reached ** piety under Okawaru
  9917 | D:8      | Reached skill level 10 in Armour
 10201 | D:9      | Noticed a two-headed ogre
 10439 | D:9      | Found a sparkling altar of Nemelex Xobeh.
 10460 | D:9      | Noticed a two-headed ogre
 10480 | D:9      | Killed a two-headed ogre
 10481 | D:9      | Reached skill level 1 in Invocations
 10560 | D:9      | Reached skill level 12 in Long Blades
 10578 | D:9      | Killed a two-headed ogre
 10578 | D:9      | Reached *** piety under Okawaru
 10629 | D:9      | Noticed a two-headed ogre
 10640 | D:9      | Killed a two-headed ogre
 10888 | D:9      | Noticed a two-headed ogre
 10895 | D:9      | Killed a two-headed ogre
 10895 | D:9      | Reached **** piety under Okawaru
 10896 | D:9      | Reached XP level 11. HP: 75/97 MP: 8/11
 11165 | D:9      | Noticed Amaemon
 11177 | D:9      | Killed Amaemon
 11517 | D:9      | Identified the ring "Iqosasm" {rF+ MP+9}
 11725 | D:10     | Entered Level 10 of the Dungeon
 11946 | D:10     | Reached skill level 13 in Long Blades
 12021 | D:10     | Found a sacrificial altar of Ru.
 12050 | D:10     | Noticed Nergalle
 12072 | D:10     | Killed Nergalle
 12155 | D:10     | Noticed a centaur warrior
 12163 | D:10     | Killed a centaur warrior
 12541 | D:10     | Reached skill level 10 in Fighting
 12870 | D:10     | Reached skill level 10 in Shields
 13277 | D:11     | Noticed a green ugly thing
 13294 | D:11     | Killed a green ugly thing
 13562 | D:11     | Reached ***** piety under Okawaru
 14197 | D:11     | Noticed a boulder beetle
 14230 | D:11     | Killed a boulder beetle
 14487 | Lair:1   | Entered Level 1 of the Lair of Beasts
 14813 | Lair:1   | Noticed a boulder beetle
 14843 | Lair:1   | Killed a boulder beetle
 14843 | Lair:1   | Received a gift from Okawaru
 14844 | Lair:1   | Reached XP level 12. HP: 97/108 MP: 9/12
 15093 | Lair:1   | Reached skill level 14 in Long Blades
 17125 | Lair:2   | Identified the +1 scimitar of Boudamn {flame, rC+} (Okawaru
                  | gifted it to you on level 2 of the Lair of Beasts)
 17125 | Lair:2   | Received a gift from Okawaru
 17535 | Lair:2   | Noticed a seven-headed hydra
 17545 | Lair:2   | Killed a five-headed hydra
 17731 | Lair:2   | Reached XP level 13. HP: 50/119 MP: 13/13
 18866 | Lair:3   | Reached skill level 15 in Long Blades
 18883 | Lair:3   | Found a staircase to the Swamp.
 19164 | Lair:3   | Found a hole to the Spider Nest.
 19831 | Lair:4   | Received a gift from Okawaru
 21258 | D:12     | Found a staircase to the Orcish Mines.
 22886 | Orc:1    | Entered Level 1 of the Orcish Mines
 22886 | Orc:1    | Noticed Josephine
 22893 | D:12     | Identified the -2 pair of boots of Refuge {rF+ Will+ Int-5}
                  | (Okawaru gifted it to you on level 12 of the Dungeon)
 22893 | D:12     | Received a gift from Okawaru
 23561 | D:12     | Killed Josephine
 24115 | Orc:1    | Found Fadoliga's General Store.
 24205 | Orc:2    | Entered Level 2 of the Orcish Mines
 24266 | Orc:2    | Found a gate leading to a gauntlet.
 24273 | Orc:2    | Found a staircase to the Elven Halls.
 24275 | Gauntlet | Entered a Gauntlet
 24275 | Gauntlet | Found a transporter.
 24278 | Gauntlet | Found a transporter.
 24286 | Gauntlet | Found a transporter.
 24289 | Gauntlet | Found a transporter.
 24301 | Gauntlet | Found a transporter.
 24301 | Gauntlet | Found a transporter.
 24303 | Gauntlet | Found a transporter.
 24305 | Gauntlet | Found a transporter.
 24366 | Gauntlet | Noticed a blizzard demon
 24369 | Gauntlet | Found a transporter.
 24374 | Gauntlet | Found a transporter.
 24383 | Gauntlet | Noticed a reaper
 24403 | Gauntlet | Found a transporter.
 24424 | Gauntlet | Found a transporter.
 24573 | Gauntlet | Killed a blizzard demon
 24584 | Gauntlet | Identified the +2 pair of boots of the Swamp {+Inv}
 24622 | Gauntlet | Mangled by a reaper

Illustrated notes

Levels and vault maps discovered:
D:1:      erik_arrival_triangle_small, layout_loops_ring, serial_shops, shop
D:2:      layout_loops_cross, minivault_25, amethyst_killhole,
          minmay_joined_circles, uniq_natasha, uniq_terence
D:3:      layout_loops_ring, minitemple, serial_shops, nicolae_square_shop,
          corexii_shack
D:4:      layout_loops_corners, makhleb_heckhound_becter, minmay_fountain_box,
          lexackson_kobold_supper
D:5:      wad_river_or_something, layout_basic
D:6:      layout_rooms, minmay_stone_trees_small
D:7:      layout_gridville, cheibriados_altar_1, grunt_temple_overflow_open,
          temple_fountains, uniq_crazy_yiuf_cottage
D:8:      layout_loops_ring, lemuel_doored_altar, due_lair_maze_entry_diamond,
          serial_demonic, serial_demonic_c, serial_demonic_a, serial_demonic_a,
          serial_demonic_g, serial_demonic_a, serial_demonic_f, serial_demonic_e
D:9:      layout_irregular_city, nemelex_spade_bored_becter, uniq_amaemon
D:10:     layout_grid_maze, nicolae_ru_path_of_blood, uniq_nergalle
D:11:     layout_rooms
D:12:     layout_big_octagon, david_orc_5
D:13:     layout_rooms
Temple:   oiseaux_autumnal_temple
Lair:1:   layout_concentric_octagons
Lair:2:   layout_roguey
Lair:3:   layout_misc_corridors, nicolae_swamp_entry_splash_gauntlet,
          hellmonk_spider_entry_life_and_decay
Lair:4:   layout_cave_pods, serial_bayou_shore_a
Orc:1:    layout_caves, serial_shops, shop, uniq_josephine
Orc:2:    grunt_orc_cross, layout_caves, gauntlet_entry_generic
Gauntlet: minmay_gauntlet_mixed_oops_all_seconds
          [minmay_gauntlet_arena_77_checkered, nicolae_gauntlet_arena_x,
          minmay_gauntlet_arena_77_radiant_squares,
          gammafunk_gauntlet_arena_teeth, minmay_gauntlet_arena_77_two_paths,
          gammafunk_gauntlet_arena_split_diamond, gauntlet_exit_green]

Skill      XL: |  1  2  3  4  5  6  7  8  9 10 11 12 13 |
---------------+----------------------------------------+-----
Shields        | 4 5 7 9 10 12 13 | 13.8
Fighting       | 4 5 6 8 9 10 12 13 | 13.2
Armour         | 4 5 7 8 9 10 11 13 14 | 14.9
Long Blades    | 3 4 5 6 8 10 12 13 14 15 | 15.5
Dodging        | 1 2 3 4 |  4.4
Stealth        | 1 2 |  2.3
Invocations    | 1 2 |  2.5
Throwing       | |  0.9
Evocations     | |  0.1

Action                   |  1- 3 |  4- 6 |  7- 9 | 10-12 | 13-15 || total
-------------------------+-------+-------+-------+-------+-------++-------
Melee: Long sword        |    78 |   170 |   379 |   730 |       ||  1357
       Headbutt          |    14 |    23 |    73 |   201 |   120 ||   431
       Scimitar          |       |       |       |    65 |   478 ||   543
Throw: Throwing net      |       |       |       |     2 |       ||     2
Invok: Heroism           |       |       |     1 |    31 |    10 ||    42
Evoke: Wand              |       |       |       |     3 |     1 ||     4
  Use: Potion            |     2 |     1 |     5 |     4 |     5 ||    17
       Scroll            |       |       |     6 |     6 |    17 ||    29
 Stab: Held in net/web   |       |       |       |     1 |       ||     1
Armor: Scale mail        |    47 |    47 |       |       |       ||    94
       Chain mail        |       |    38 |   173 |       |       ||   211
       Plate armour      |       |       |     5 |   299 |   263 ||   567
Dodge: Dodged            |    32 |    78 |   107 |   224 |   181 ||   622
Block: Buckler           |    23 |    35 |   154 |   458 |   383 ||  1053
       Reflection        |       |       |     7 |    15 |    18 ||    40
